AoeStats
← Arda Asar

Arena

510317876Analyzed
2v2 RM · 3d ago on Sep 30, 2026· 17m 54s· 4 players
Game mode
Random Map
Map size
Medium (4 player)
Population
200
Speed
Normal
Resources
Standard
Victory
Conquest
Starting age
Dark Age
Ending age
Imperial Age
RankedLock teamsTeams togetherTeam positionsShared explorationLock speedFull tech treeHidden civsTurbo modeCheats
Victory
Defeat
🇹🇷 Teutons · Türkiye
1478
+14
🇦🇷 Turks · Argentina
1393
+17
🇪🇸 Byzantines · Spain
1482
-18
🇺🇸 Celts · United States
1372
-13
BigAl
7:35 Loom
9:51 Feudal Age
12:53 Wheelbarrow
12:09 Double-Bit Axe
MISTER COLLEJAS
9:30 Loom
11:34 Feudal Age
12:47 Double-Bit Axe
12:48 Horse Collar
15:42 Castle Age
14:44 Fletching
Arda Asar
6:00 Loom
8:54 Feudal Age
9:46 Town Watch
10:43 Fletching
15:51 Horse Collar
15:57 Double-Bit Axe
aReIF
10:54 Feudal Age
14:34 Castle Age
14:51 Loom
Connection lost

Rejoining the realm…

Still unreachable

The connection could not be restored.

Session expired

The server has moved on; the page needs a fresh start.